 Dungeon Crawl Stone Soup version 0.30.1-4-g462c640d31 (webtiles) character file.

Game seed: 7097990833447368335

490 Wiggles the Chopper (level 6, -1/56 HPs)
             Began as a Minotaur Berserker on Aug 23, 2023.
             Was a Priest of Trog.
             Slain by Menkaure (13 damage)
             ... on level 5 of the Dungeon.
             The game lasted 00:05:10 (3279 turns).

Wiggles the Chopper (Minotaur Berserker)            Turns: 3279, Time: 00:05:10

Health: -1/56      AC: 13    Str: 24    XL:     6   Next: 90%
Magic:  5/5        EV:  7    Int:  4    God:    Trog [***...]
Gold:   146        SH:  0    Dex:  9    Spells: 5/5 levels left

rFire   . . .        a - +0 hand axe
rCold   . . .        (no shield)
rNeg    . . .        f - +0 plate armour
rPois   .            m - +0 hat
rElec   .            (no cloak)
rCorr   .            (no gloves)
SInv    .            q - +0 pair of boots
Will    .....        l - amulet of faith Stlth
                     (no ring)
HPRegen 0.29/turn    (no ring)
MPRegen 0.09/turn

%: faith
@: on berserk cooldown, slowed, very slow
A: horns 2, retaliatory headbutt
a: Renounce Religion, Berserk, Trog's Hand


You were on level 5 of the Dungeon.
You worshipped Trog.
Trog was most pleased with you.
You visited 1 branch of the dungeon, and saw 5 of its levels.

You collected 254 gold pieces.
You spent 108 gold pieces at shops.

Inventory:

Hand Weapons
 a - a +0 hand axe (weapon)
Armour
 f - a +0 plate armour (worn)
 m - a +0 hat (worn)
 q - a +0 pair of boots (worn)
Jewellery
 l - an amulet of faith (around neck)
 r - a ring of magical power
Scrolls
 d - 2 scrolls of noise {unknown}
 e - a scroll of enchant weapon {unknown}
 g - 2 scrolls of brand weapon {unknown}
 h - a scroll of poison {unknown}
 i - 3 scrolls of identify {unknown}
 j - 2 scrolls of teleportation {unknown}
 k - a scroll of amnesia {unknown}
 n - a scroll of immolation {unknown}
 p - 2 scrolls of fear {unknown}
 s - a scroll of summoning {unknown}
 u - a scroll of vulnerability {unknown}
Potions
 b - 2 potions of curing {unknown}
 c - a potion of cancellation {unknown}
 o - a potion of degeneration {unknown}
 t - a potion of haste {unknown}


   Skills:
 + Level 5.1 Fighting
 + Level 7.0 Axes
 + Level 4.7 Armour
 + Level 3.3 Dodging
 + Level 0.4 Stealth


You had 5 spell levels left.
You didn't know any spells.
Your spell library was empty.

Dungeon Overview and Level Annotations

Branches:
Dungeon (5/15)             Temple (0/1) D:4

Altars:
Makhleb
Ru

Shops:
D:1 :   D:4 [*

Annotations:
D:5 Grinder, Menkaure


Innate Abilities, Weirdness & Mutations

You have a pair of horns on your head.
You reflexively headbutt those who attack you in melee.


Message History

Your punch misses the phantom.
The phantom is severely damaged.
The phantom hits you but does no damage.
Menkaure, Prince of Dust comes into view.
Menkaure shouts!
You hit the phantom.
The phantom is almost destroyed.
You hit Menkaure. The phantom hits you.
The phantom blinks!
You blink.
Found 5 stones.
Found a stone staircase leading down.
You barely miss the phantom.
The phantom is almost destroyed.
The phantom misses you. Grinder gestures at you. Pain shoots through your body!
You slash the phantom!
You destroy the phantom!
Trog accepts your kill.
Menkaure casts a spell.
Menkaure seems to speed up.
Your Axes skill increases to level 7!
You feel a strong urge to attack something.
Grinder gestures at you.
You barely resist.
Menkaure calls on the powers of darkness!
Your body is wracked with pain!
Grinder says, "FISH!"
You slash Grinder!
Grinder is moderately wounded.
You slash Grinder!
Grinder is heavily wounded.
Grinder blinks!
Menkaure gestures at you while chanting.
You barely resist.
You are no longer berserk.
You are exhausted.
You feel yourself slow down. Menkaure hits you!
* * * LOW HITPOINT WARNING * * *
Menkaure hits you!
You die...

#### #.. #.# ##.# ###### #..#
......###..# # #
#####......#####.###########
.....(....ยง@M...............
#########...###.........# #.
..........#.#####.# #.
###.....#.## # #.# #.
#......## #.# #. #..5...# #.#
#. #..>...# #.###. #.#.....
#..... #####.


You could see Grinder and Menkaure (fast).

Vanquished Creatures
  The ghost of mrw3rdna the Firebug, an amateur DsFE (D:3)
  A phantom (D:5)
  2 scorpions (D:4)
  An iguana (D:4)
  Robin (D:4)
  3 adders (D:3)
  4 gnolls (D:4)
  An ufetubus (D:4)
  3 worms
  6 dart slugs
  4 orcs (D:3)
  A ball python (D:1)
  6 bats
  7 endoplasms
  3 giant cockroaches
  16 goblins
  12 hobgoblins
  7 jackals
  A quokka (D:2)
  2 frilled lizards
  6 kobolds
  6 rats
94 creatures vanquished.

Notes
Turn   | Place    | Note
-------+----------+-------------------------------------------
     0 | D:1      | Wiggles the Minotaur Berserker began the quest for the Orb.
     0 | D:1      | Reached XP level 1. HP: 19/19 MP: 0/0
   188 | D:1      | Reached XP level 2. HP: 17/27 MP: 1/1
   190 | D:1      | Found Nulesi's Book Shoppe.
   347 | D:1      | Reached skill level 4 in Axes
   595 | D:2      | Reached ** piety under Trog
   599 | D:2      | Reached XP level 3. HP: 28/33 MP: 2/2
   951 | D:2      | Reached XP level 4. HP: 38/41 MP: 3/3
  1489 | D:3      | Found a runed translucent door.
  1489 | D:3      | Noticed mrw3rdna's ghost (amateur DsFE)
  1683 | D:3      | Reached *** piety under Trog
  1684 | D:3      | Reached skill level 5 in Axes
  2092 | D:3      | Found a faded altar of an unknown god.
  2168 | D:3      | Found a burning altar of Makhleb.
  2272 | D:3      | Killed mrw3rdna's ghost
  2273 | D:3      | Reached XP level 5. HP: 47/47 MP: 4/4
  2381 | D:4      | Reached skill level 6 in Axes
  2389 | D:4      | Reached XP level 6. HP: 10/55 MP: 5/5
  2564 | D:4      | Found Idait's Antique Armour Shop.
  2580 | D:4      | Bought a pair of boots for 108 gold pieces
  2620 | D:4      | Found a staircase to the Ecumenical Temple.
  2874 | D:4      | Noticed Robin
  2881 | D:4      | Killed Robin
  2901 | D:4      | Reached skill level 5 in Fighting
  2987 | D:4      | Found a sacrificial altar of Ru.
  3027 | D:4      | Identified the +8 short sword "Pimaw" {holy, Will+}
  3056 | D:4      | Found Viakamir's CLEARANCE SALE!.
  3150 | D:5      | Entered Level 5 of the Dungeon
  3261 | D:5      | Noticed Grinder
  3268 | D:5      | Noticed Menkaure
  3273 | D:5      | Reached skill level 7 in Axes
  3279 | D:5      | Slain by Menkaure

Illustrated notes

Levels and vault maps discovered:
D:1:      nagdon_arrival_double_spiral, layout_rooms, serial_shops, shop
D:2:      layout_rooms, small_statue_intersection
D:3:      layout_loops_corners, lightli_temple_of_fire,
          shapermc_ecumenical_altar_notcrosses, gammafunk_ghost_grave,
          feat_on_display
D:4:      layout_rooms, old_standard_altar, minmay_temple_entry_enclosed_plants,
          serial_shops, nicolae_shop_window_shopping, nicolae_shop_clearance,
          uniq_robin
D:5:      minmay_diamond_boxcup, layout_loops_ring, lemuel_doored_altar,
          uniq_grinder, uniq_edmund, uniq_menkaure

Skill      XL: |  1  2  3  4  5  6 |
---------------+-------------------+-----
Fighting       | 4 5 |  5.1
Axes           | 4 5 6 7 |  7.0
Dodging        | 3 |  3.3
Armour         | 3 4 |  4.7
Stealth        | |  0.4

Action                     |  1- 3 |  4- 6 || total
---------------------------+-------+-------++-------
  Melee: Hand axe          |    93 |   122 ||   215
         Headbutt          |    10 |    16 ||    26
         Punch             |     2 |     1 ||     3
 Invoke: Berserk           |       |     4 ||     4
 Armour: Animal skin       |    15 |       ||    15
         Chain mail        |    26 |       ||    26
         Plate armour      |     4 |    68 ||    72
  Dodge: Dodged            |    64 |    47 ||   111
